 Dungeon Crawl Stone Soup version 0.31-a0-188-g5e087ee2ca (webtiles) character file.

Game seed: 11778526171242966833

25 qw the Shooter (level 2, 0/16 HPs)
             Began as a Deep Elf Hunter on June 23, 2023.
             Slain by a hobgoblin (2 damage)
             ... on level 1 of the Dungeon.
             The game lasted 00:00:13 (364 turns).

qw the Shooter (Deep Elf Hunter)                     Turns: 364, Time: 00:00:14

Health: 0/16       AC:  3    Str:  8    XL:     2   Next: 86%
Magic:  4/4        EV: 12    Int: 13    God:
Gold:   30         SH:  0    Dex: 18    Spells: 1/1 levels left

rFire   . . .        a - +0 shortbow
rCold   . . .        (shield currently unavailable)
rNeg    . . .        c - +0 leather armour
rPois   .            (no helmet)
rElec   .            (no cloak)
rCorr   .            (no gloves)
SInv    .            (no boots)
Will    .....        (no amulet)
Stlth   ++           (no ring)
HPRegen 0.22/turn    (no ring)
MPRegen 0.09/turn

%: no passive effects
@: no status effects
A: no striking features
a: no special abilities


You were on level 1 of the Dungeon.
You visited 1 branch of the dungeon, and saw 1 of its levels.

You collected 30 gold pieces.


   Skills:
 - Level 1.5 Fighting
 + Level 6.5 Ranged Weapons
 - Level 2.4 Dodging
 - Level 1.2 Stealth


You had one spell level left.
You didn't know any spells.
Your spell library was empty.

Inventory:

Hand Weapons
 a - a +0 shortbow (weapon)
Armour
 c - a +0 leather armour (worn)
 h - a +2 helmet of intelligence
Scrolls
 b - a scroll of butterflies
 e - a scroll of fog {unknown}
 f - a scroll of noise {unknown}
 g - a scroll of identify {unknown}
Potions
 d - a potion of mutation {unknown}

Dungeon Overview and Level Annotations

Branches:
Dungeon (1/15)

Altars:


Message History

The kobold shouts!
The arrow hits the kobold.
The kobold is severely wounded.
The kobold shoots a sling bullet.
The sling bullet barely misses you.
You shoot an arrow. The arrow hits the kobold.
You kill the kobold!
Things that are here:
a +0 sling; a +0 short sword; a kobold corpse
Found a stone staircase leading down.
Enter note:
Enter note: A hobgoblin, a ball python and 2 kobolds come into view.
The kobold shouts!
The ball python hisses angrily.
The kobold shouts!
The ball python barely misses you. The ball python grabs you.
The ball python constricts you.
The kobold moves out of view.
Enter note:
Enter note: You shoot an arrow.
The arrow barely misses the ball python.
The kobold throws a stone.
The stone closely misses you. The ball python bites you.
The ball python constricts you.
You shoot an arrow.
The arrow closely misses the ball python.
The ball python misses you. The ball python constricts you.
You shoot an arrow.
The arrow closely misses the ball python.
The ball python barely misses you. The ball python constricts you.
The kobold hits you with a +0 whip. The ball python completely misses you.
The ball python constricts you.
You shoot an arrow.
The arrow closely misses the ball python.
The kobold barely misses you. The ball python bites you.
The ball python constricts you. The kobold hits you with a +0 whip.
You shoot an arrow. The arrow hits the ball python!
You kill the ball python!
The kobold hits you with a +0 whip.
You shoot an arrow. The arrow hits the kobold.
The kobold is moderately wounded.
The hobgoblin hits you.
You die...

.# ### ..
..# #. #.# #
###..##.##.#
.....Kg.K..#
###@# #...#
#.#.# #...#
##.## #.#
#.##
..........
###..#
.........
.>##.#


You could see a hobgoblin and 2 kobolds.

Vanquished Creatures
  A dart slug (D:1)
  2 endoplasms (D:1)
  A giant cockroach (D:1)
  4 hobgoblins (D:1)
  3 jackals (D:1)
  A quokka (D:1)
  3 ball pythons (D:1)
  2 bats (D:1)
  A frilled lizard (D:1)
  2 kobolds (D:1)
  A rat (D:1)
21 creatures vanquished.

Notes
Turn   | Place    | Note
-------+----------+-------------------------------------------
     0 | D:1      | qw the Deep Elf Hunter began the quest for the Orb.
     0 | D:1      | Reached XP level 1. HP: 12/12 MP: 3/3
     0 | D:1      | 0 ||| qw: Version: 0.3-a-9-g12657ce
     0 | D:1      | 0 ||| qw: Game counter: 3466
     0 | D:1      | 0 ||| qw: Always use a shield: true
     0 | D:1      | 0 ||| qw: God list: Okawaru
     0 | D:1      | 0 ||| qw: Allow faded altars: false
     0 | D:1      | 0 ||| qw: Do Orc after D:15 true
     0 | D:1      | 0 ||| qw: Do second Lair branch before Depths: true
     0 | D:1      | 0 ||| qw: Lair rune preference: random
     0 | D:1      | 0 ||| qw: Plans: Normal
     0 | D:1      | 0 ||| PLANNING D:1-11
   193 | D:1      | Reached XP level 2. HP: 16/16 MP: 4/4
   196 | D:1      | Reached skill level 6 in Ranged Weapons
   277 | D:1      | 277 ||| FLEEEEING.
   278 | D:1      | 278 ||| FLEEEEING.
   279 | D:1      | 279 ||| FLEEEEING.
   280 | D:1      | 280 ||| FLEEEEING.
   281 | D:1      | 281 ||| FLEEEEING.
   283 | D:1      | 283 ||| FLEEEEING.
   363 | D:1      | HP: 2/16 [kobold/+0 whip (4)]
   364 | D:1      | Slain by a hobgoblin

Levels and vault maps discovered:
D:1:      zelgadis_glass_arrival_small, layout_loops_cross,
          chequers_ecumenical_altar_grove

Skill      XL: |  1  2 |
---------------+-------+-----
Ranged Weapons | 6 |  6.5
Fighting       | |  1.5
Dodging        | |  2.4
Stealth        | |  1.2

Action                     || total
---------------------------++-------
   Fire: Shortbow          ||    58
 Armour: Leather armour    ||     2
  Dodge: Dodged            ||    14

Table legend:
 A = Non-vault XP
 B = Vault XP
 C = Vault XP percentage of total XP
 D = Non-vault monster count
 E = Vault monster count
 F = Vault count percentage of total count
                 A         B        C        D         E       F
            +---------+---------+-------+---------+---------+-------
      Total |      37 |       0 |   0.0 |      21 |       0 |   0.0
            +---------+---------+-------+---------+---------+-------
        D:1 |      37 |       0 |   0.0 |      21 |       0 |   0.0
            +---------+---------+-------+---------+---------+-------
